 Dungeon Crawl Stone Soup version 0.30.1-11-g7821555f0a (webtiles) character file.

Game seed: 2131753399541052888

92635 Gabide the Bludgeoner (level 15, -4/132 HPs)
             Began as a Demigod Fighter on Jan 4, 2024.
             Slain by an ettin
             ... wielding a +0 great mace
              (7 damage)
             ... while petrified by a basilisk
             ... on level 15 of the Dungeon on Jan 5, 2024.
             The game lasted 00:53:57 (28331 turns).

Gabide the Bludgeoner (Demigod Fighter)            Turns: 28331, Time: 00:53:58

Health: -4/132     AC: 26    Str: 43    XL:     15   Next: 16%
Magic:  0/18       EV:  2    Int: 10    God:
Gold:   1025       SH:  0    Dex: 18    Spells: 14/14 levels left

rFire   + + .        a - +7 lajatang of Order {silver, rMut}
rCold   + + .        (shield currently unavailable)
rNeg    + + +        B - +5 ring mail of Courage {Rampage rN+++ Regen+ Int-3}
rPois   ∞            A - +0 helmet of the Fiddle {rF+ Int+3}
rElec   +            p - +2 cloak of the Endless Knaves {-Cast rElec rPois}
rCorr   .            K - +2 pair of gloves
SInv    .            e - +5 pair of boots of Uskayaw's Generosity {rC++ Dex+5}
Will    +....        w - amulet of guardian spirit
Stlth   +            V - ring of protection from fire
HPRegen 1.22/turn    o - +6 ring of strength
MPRegen 0.16/turn

%: no spellcasting, resist mutation, guardian spirit, rampage
@: petrified
A: high MP 1, forlorn, divine attributes
a: no special abilities


You were on level 15 of the Dungeon.
You visited 4 branches of the dungeon, and saw 23 of its levels.
You also visited: Gauntlet.

You collected 2152 gold pieces.
You spent 1127 gold pieces at shops.

Inventory:

Hand Weapons
 a - the +7 lajatang of Order (weapon) {silver, rMut}
   (You took it off a minotaur in a Gauntlet)

   rMut:      It protects you from mutation.
 x - a +1 spectral great mace
Missiles
 g - 9 javelins (quivered)
 D - 14 boomerangs
 E - a throwing net
 H - 4 curare-tipped darts
Armour
 e - the +5 pair of boots of Uskayaw's Generosity (worn) {rC++ Dex+5}
   (You acquired it on level 1 of the Dungeon)

   Dex:       It affects your dexterity (+5).
   rC:        It greatly protects you from cold.
 f - a +2 plate armour of poison resistance
 p - the +2 cloak of the Endless Knaves (worn) {-Cast rElec rPois}
   (You acquired it on level 3 of the Dungeon)

   rElec:     It insulates you from electricity.
   rPois:     It protects you from poison.
   -Cast:     It prevents spellcasting.
 A - the +0 helmet of the Fiddle (worn) {rF+ Int+3}
   (You found it in a Gauntlet)

   Int:       It affects your intelligence (+3).
   rF:        It protects you from fire.
 B - the +5 ring mail of Courage (worn) {Rampage rN+++ Regen+ Int-3}
   (You took it off a minotaur in a Gauntlet)

   Int:       It affects your intelligence (-3).
   rN:        It renders you almost immune to negative energy.
   Regen:     It increases your rate of health regeneration.
   Rampage:   It bestows one free step when moving towards enemies.
 K - a +2 pair of gloves (worn)
 S - a +0 ring mail of willpower
 T - a +2 helmet
Jewellery
 c - an amulet of magic regeneration
 o - a +6 ring of strength (right hand)
 r - a ring of resist corrosion
 w - an amulet of guardian spirit (around neck)
 C - a ring of poison resistance
 V - a ring of protection from fire (left hand)
 W - an amulet of reflection
Wands
 l - a wand of acid (6)
 q - a wand of flame (40)
 z - a wand of charming (21)
 N - a wand of roots (11)
 O - a wand of polymorph (12)
 X - a wand of digging (8)
Scrolls
 b - 2 scrolls of identify
 i - 15 scrolls of teleportation
 k - 3 scrolls of blinking
 y - 4 scrolls of fog
 F - 2 scrolls of poison
 G - 2 scrolls of magic mapping
Potions
 d - 3 potions of might
 h - 3 potions of flight
 j - 7 potions of curing
 m - 3 potions of mutation
 n - 3 potions of attraction
 s - 2 potions of lignification
 t - a potion of berserk rage
 v - a potion of haste
 I - a potion of resistance
 M - 3 potions of ambrosia
 Q - a potion of cancellation
 U - 3 potions of heal wounds
Miscellaneous
 J - a phial of floods
 L - a lightning rod (4/4)
 P - a box of beasts
 R - a tin of tremorstones (2/2)


   Skills:
 - Level 12.0 Fighting
 + Level 15.4(15.6) Maces & Flails
 + Level 3.3(10.6) Staves
 - Level 9.0 Throwing
 - Level 9.0 Armour
 - Level 9.0 Dodging
 - Level 3.0 Shields
 - Level 9.0 Evocations


You had 14 spell levels left.
You didn't know any spells.
Your spell library contained the following spells:

 Spells                   Type           Power      Damage    Failure   Level
 Beastly Appendage        Tmut           0%         N/A       43%         1
 Sting                    Tmut/Pois      0%         1d3       43%         1
 Cigotuvi's Dreadful Rot  Necr/Pois/Air  0%         N/A       56%         2
 Ensorcelled Hibernation  Hex/Ice        0%         N/A       56%         2
 Passwall                 Tmut/Erth      0%         N/A       56%         2
 Poisonous Vapours        Pois/Air       0%         N/A       56%         2
 Wereblood                Tmut           0%         N/A       56%         2
 Gell's Gravitas          Tloc           0%         N/A       80%         3
 Ignite Poison            Fire/Tmut/Pois 0%         N/A       80%         3
 Portal Projectile        Hex/Tloc       0%         N/A       80%         3
 Spider Form              Tmut/Pois      0%         N/A       80%         3
 Swiftness                Air            0%         N/A       80%         3
 Teleport Other           Tloc           0%         N/A       80%         3
 Tukima's Dance           Hex            0%         N/A       80%         3
 Olgreb's Toxic Radiance  Pois           0%         N/A       99%         4
 Passage of Golubria      Tloc           0%         N/A       99%         4
 Blade Hands              Tmut           0%         N/A       100%        5
 Freezing Cloud           Conj/Ice/Air   0%         6-21      100%        5
 Yara's Violent Unravell  Hex/Tmut       0%         3d3       100%        5
 Dispersal                Tloc           0%         N/A       100%        6
 Malign Gateway           Summ/Tloc      0%         N/A       100%        7
 Summon Horrible Things   Summ           0%         N/A       100%        8


Dungeon Overview and Level Annotations

Branches:
Dungeon (15/15)            Temple (1/1) D:7            Lair (5/5) D:8
  Swamp (0/4) Lair:2       Spider (0/4) Lair:3        Slime (0/5) Lair:5
    Orc (2/2) D:12            Elf (0/3) Orc:2        Vaults (0/5) D:13
Gauntlet (visited)
 Depths: D:15

Shops:
D:1 ?(*:!   D:2 *   D:4 !   Orc:1 :=?=   Orc:2 !:[*(**

Portals:
Trove: D:14 (give horn of Geryon)

Annotations:
D:11 1 runed translucent door, laros's ghost, journeyman MiBe


Innate Abilities, Weirdness & Mutations

You have an increased reservoir of magic. (+10% MP)
You shall have no god before yourself.
Your divine heritage dramatically boosts your attributes as you level up.


Message History

The ettin completely misses you. The basilisk gazes at you.
You resist with almost no effort.
The tengu warrior hits you with a +0 great sword!
The tengu warrior pecks you but does no damage.
The tengu warrior barely misses you.
The yaktaur hits you but does no damage.
The basilisk bites you but does no damage.
The ettin hits you but does no damage. x2
The tengu warrior hits you but does no damage.
The tengu warrior pecks you.
The tengu warrior claws you but does no damage.
The yaktaur hits you but does no damage.
The ettin hits you with a +0 great mace!!!
* * * LOW HITPOINT WARNING * * *
The ettin hits you but does no damage.
The basilisk bites you but does no damage.
You hear a shout!
The tengu warrior hits you with a +0 great sword!
* * * LOW HITPOINT WARNING * * *
The tengu warrior pecks you but does no damage.
The tengu warrior completely misses you.
The yaktaur hits you but does no damage.
A wizard comes into view. It is wielding a +0 dagger.
The basilisk gazes at you. You resist with almost no effort.
The ettin hits you with a +0 great mace!
* * * LOW HITPOINT WARNING * * *
The ettin hits you with a +0 dire flail!
* * * LOW HITPOINT WARNING * * *
The tengu warrior hits you with a +0 great sword!
* * * LOW HITPOINT WARNING * * *
The tengu warrior pecks you but does no damage.
The tengu warrior claws you.
* * * LOW HITPOINT WARNING * * *
The yaktaur hits you but does no damage.
The basilisk bites you!
* * * LOW HITPOINT WARNING * * *
The ettin hits you with a +0 great mace!
You die...

.. ..# ## ##.#
.. ... ###.##.##
.......####...
?###.##.........
.......l@####..#
##...)cQC.....#
.##..##...###..#
................
...............#
..J.....(.###..#
............ ..
..#.###p..### .
.... ....#


You could see an ettin, a tengu warrior, a yaktaur, a wizard and a basilisk.

Vanquished Creatures
  2 dire elephants (Lair:5)
  A minotaur (Gauntlet)
  A great orb of eyes (Gauntlet)
  Harold (D:9)
  4 vault guards (D:13)
  8 hydras
  4 catoblepae
  A ghost crab (Lair:2)
  6 centaur warriors
  4 boulder beetles
  5 two-headed ogres
  2 skysharks (Lair:5)
  An orb spider (Lair:3)
  A spectral anaconda (Lair:5)
  An obsidian statue (Lair:5)
  A harpy (shapeshifter) (D:13)
  3 necromancers (Lair:5)
  Pikel (D:7)
  2 orc knights
  A faun (shapeshifter) (D:13)
  2 oklob plants
  13 ugly things
  4 manticores
  5 cyclopes
  39 elephants
  Joseph (D:8)
  9 black mambas
  3 dire elephant skeletons (Lair:5)
  A gargoyle (D:10)
  Maggie (D:8)
  18 cane toads
  2 torpor snails
  11 rime drakes
  2 efreet
  A kobold demonologist (D:10)
  A komodo dragon (shapeshifter) (D:13)
  8 komodo dragons
  2 tengu conjurers
  2 burning bushes (Lair:1)
  3 meliai (D:13)
  2 polar bears (Lair:2)
  3 trolls
  The ghost of billyroblox the Shooter, an amateur HuHu (D:4)
  A tarantella (shapeshifter) (D:13)
  12 blink frogs
  5 dream sheep (Lair:3)
  A raiju (shapeshifter) (D:13)
  A spectral elephant (Lair:2)
  9 slime creatures
  3 wyverns
  A shadow (D:13)
  2 vampires
  A dire elephant simulacrum (Lair:5)
  4 basilisks
  24 yaks
  9 steam dragons
  9 vampire mosquitoes
  A warg (Orc:2)
  2 spectral cane toads
  3 acid dragons
  10 water moccasins
  A spectral yak (Lair:2)
  26 orc warriors
  An elephant zombie (Lair:5)
  An ice beast (D:5)
  A sky beast (D:6)
  2 elephant skeletons (Lair:5)
  9 ogres
  5 black bears
  13 wolves
  12 centaurs
  3 phantoms
  3 kobold brigands
  8 bullfrogs
  5 cane toad simulacra (Lair:5)
  3 scorpions
  An elephant simulacrum (Lair:5)
  12 killer bees
  A jelly (D:8)
  4 electric eels
  5 hounds
  8 orc priests
  5 iguanas
  A sleepcap (D:6)
  16 orc wizards
  4 hell rats (Lair:1)
  7 adders
  A shadow imp (D:6)
  2 white imps
  2 ufetubi
  3 worms
  5 dart slugs
  48 orcs
  6 ball pythons
  2 endoplasms
  6 giant cockroaches
  4 goblins
  9 hobgoblins
  6 quokkas
  2 bats (D:3)
  3 frilled lizards
  26 kobolds
  8 rats
572 creatures vanquished.

Vanquished Creatures (others)
  An orc warrior (Orc:2)
  2 centaurs (Orc:2)
  3 orcs
  4 goblins (D:7)
  A kobold (D:5)
11 creatures vanquished.

Grand Total: 583 creatures vanquished

Notes
Turn   | Place    | Note
-------+----------+-------------------------------------------
     0 | D:1      | Gabide the Demigod Fighter began the quest for the Orb.
     0 | D:1      | Reached XP level 1. HP: 18/18 MP: 3/3
   152 | D:1      | Found Jophog's Distillery.
   166 | D:1      | Found Haghuv's Antique Weapon Emporium.
   185 | D:1      | Reached XP level 2. HP: 25/25 MP: 4/4
   188 | D:1      | Bought a potion of heal wounds for 60 gold pieces
   314 | D:1      | Found Ivenueco's Magic Scroll Boutique.
   365 | D:1      | Bought a scroll of identify for 20 gold pieces
   366 | D:1      | Identified a scroll of acquirement
   368 | D:1      | Acquired the +5 pair of boots of Uskayaw's Generosity {rC++
                  | Dex+5}
   436 | D:1      | Found Zaguyd's Book Boutique.
   451 | D:1      | Found Foaskey's Assorted Antiques.
   544 | D:1      | Reached skill level 2 in Maces & Flails
   706 | D:2      | You fall into a shaft and drop 1 floor!
   729 | D:2      | Reached skill level 1 in Dodging
   767 | D:2      | Reached XP level 3. HP: 31/31 MP: 5/5
  1124 | D:2      | Found Mialiudgh's General Store.
  1133 | D:2      | Bought a scroll of blinking for 97 gold pieces
  1374 | D:3      | Noticed a scorpion
  1386 | D:3      | Killed a scorpion
  1387 | D:3      | Reached XP level 4. HP: 34/38 MP: 6/6
  1622 | D:3      | Reached skill level 3 in Maces & Flails
  1966 | D:3      | Acquired the +2 cloak of the Endless Knaves {-Cast rElec
                  | rPois}
  2179 | D:4      | Noticed billyroblox's ghost (amateur HuHu)
  2193 | D:4      | Reached XP level 5. HP: 45/45 MP: 7/7
  2203 | D:4      | Found a transporter.
  2340 | D:4      | Found a transporter.
  2422 | D:4      | Found Boer's Distillery.
  2431 | D:4      | Bought a potion of heal wounds for 50 gold pieces
  2431 | D:4      | Bought a potion of curing for 30 gold pieces
  2453 | D:4      | Reached skill level 4 in Maces & Flails
  2856 | D:4      | Killed billyroblox's ghost
  2857 | D:4      | Reached skill level 5 in Maces & Flails
  2857 | D:4      | Reached XP level 6. HP: 42/51 MP: 8/8
  2916 | D:5      | Entered Level 5 of the Dungeon
  3004 | D:5      | Reached skill level 6 in Maces & Flails
  3004 | D:5      | Reached XP level 7. HP: 57/57 MP: 9/9
  3198 | D:5      | Reached skill level 5 in Fighting
  3672 | D:5      | Reached XP level 8. HP: 65/70 MP: 10/10
  4019 | D:6      | Reached skill level 7 in Maces & Flails
  4708 | D:7      | Noticed Pikel
  4715 | D:7      | Killed Pikel
  4716 | D:7      | Reached skill level 8 in Maces & Flails
  4753 | D:7      | Reached skill level 9 in Maces & Flails
  5190 | D:7      | Reached XP level 9. HP: 75/75 MP: 11/11
  5311 | D:7      | Found a flagged portal.
  5580 | D:7      | Found a staircase to the Ecumenical Temple.
  5630 | Temple   | Entered the Ecumenical Temple
  6244 | D:8      | Noticed Maggie
  6261 | D:8      | Killed Maggie
  6450 | D:8      | Reached skill level 5 in Dodging
  6595 | D:8      | Noticed Joseph
  6627 | D:8      | Killed Joseph
  6628 | D:8      | Reached skill level 10 in Maces & Flails
  6757 | D:8      | Found a staircase to the Lair.
  6760 | D:8      | Noticed a komodo dragon
  6788 | D:8      | Killed a komodo dragon
  7558 | D:9      | Noticed Harold
  7596 | D:9      | Killed Harold
  7597 | D:9      | Reached XP level 10. HP: 54/88 MP: 2/13
  8308 | D:10     | Entered Level 10 of the Dungeon
  8358 | D:10     | Noticed a two-headed ogre
  8365 | D:10     | Killed a two-headed ogre
  8679 | D:10     | Reached skill level 11 in Maces & Flails
  8750 | D:10     | Noticed a sixfirhy
  9104 | D:11     | Noticed a two-headed ogre
  9115 | D:11     | Killed a two-headed ogre
  9200 | D:11     | Noticed a two-headed ogre
  9208 | D:11     | Killed a two-headed ogre
  9281 | D:11     | Found a runed translucent door.
  9284 | D:11     | Noticed laros's ghost (journeyman MiBe)
  9323 | D:11     | Reached skill level 12 in Maces & Flails
  9657 | D:11     | Noticed a cyclops
  9669 | D:11     | Killed a cyclops
  9670 | D:11     | Reached XP level 11. HP: 82/97 MP: 11/14
  9731 | D:11     | Noticed a two-headed ogre
  9746 | D:11     | Killed a two-headed ogre
  9917 | D:11     | Identified the +10 trident of the Kidney {freeze, Str+3}
 11077 | D:12     | Found a staircase to the Orcish Mines.
 11178 | D:12     | Noticed a boulder beetle
 11191 | D:12     | Killed a boulder beetle
 11243 | D:12     | Reached skill level 10 in Fighting
 11714 | D:12     | Noticed a two-headed ogre
 11740 | D:12     | Killed a two-headed ogre
 12155 | D:13     | Noticed a seven-headed hydra
 12164 | D:13     | Killed a seven-headed hydra
 12165 | D:13     | Reached skill level 13 in Maces & Flails
 12811 | D:13     | Noticed a centaur warrior
 12827 | D:13     | Noticed a vault guard
 12828 | D:13     | Noticed a vault guard
 12831 | D:13     | Reached XP level 12. HP: 66/108 MP: 8/15
 12833 | D:13     | Killed a centaur warrior
 12844 | D:13     | Killed a vault guard
 13169 | Lair:1   | Entered Level 1 of the Lair of Beasts
 13326 | Lair:1   | Noticed a catoblepas
 13379 | Lair:1   | Killed a catoblepas
 14551 | Lair:2   | Reached skill level 14 in Maces & Flails
 15636 | Lair:2   | Found a staircase to the Swamp.
 15636 | Lair:2   | Noticed a ghost crab
 16018 | Lair:2   | Killed a ghost crab
 16124 | Lair:2   | Noticed a six-headed hydra
 16132 | Lair:2   | Killed a six-headed hydra
 16133 | Lair:2   | Reached skill level 15 in Maces & Flails
 16133 | Lair:2   | Reached skill level 1 in Throwing
 16162 | Lair:2   | Reached XP level 13. HP: 51/118 MP: 12/16
 17142 | Lair:3   | Reached skill level 5 in Throwing
 17254 | Lair:3   | Reached skill level 1 in Evocations
 18091 | Lair:3   | Found a hole to the Spider Nest.
 19043 | Lair:4   | Reached skill level 5 in Evocations
 20668 | Lair:5   | Entered Level 5 of the Lair of Beasts
 20732 | Lair:5   | Found a staircase to the Slime Pits.
 20916 | Lair:5   | Reached XP level 14. HP: 125/126 MP: 15/17
 22631 | Lair:5   | Reached skill level 5 in Armour
 22899 | Lair:5   | Found the +11 plutonium sword {Contam Stlth-}
 23888 | Orc:1    | Entered Level 1 of the Orcish Mines
 23888 | Orc:1    | Found Reunkuno's Jewellery Emporium.
 23963 | Orc:1    | Found Wedyu's Jewellery Shoppe.
 23984 | Orc:1    | Bought a +6 ring of strength for 540 gold pieces
 24045 | Orc:1    | Found Xubb's Book Shoppe.
 24292 | Orc:2    | Entered Level 2 of the Orcish Mines
 25228 | Orc:2    | Found a staircase to the Elven Halls.
 25420 | Orc:2    | Found Taorazem's Weapon Boutique.
 25423 | Orc:2    | Found Isaff's General Store.
 25551 | Orc:2    | Found Vumiytyi's Armour Boutique.
 25551 | Orc:2    | Found Keblos's Book Shoppe.
 25553 | Orc:2    | Found Ceph's Distillery.
 25555 | Orc:2    | Found Kukk's Assorted Antiques.
 25562 | Orc:2    | Bought a potion of berserk rage for 90 gold pieces
 25631 | Orc:2    | Found Ogar's General Store.
 25635 | Orc:2    | Bought a potion of curing for 30 gold pieces
 25806 | Orc:1    | Found Hadoenic's Magic Scroll Shoppe.
 25815 | Orc:1    | Bought a scroll of enchant armour for 105 gold pieces
 25815 | Orc:1    | Bought a scroll of enchant armour for 105 gold pieces
 26291 | D:13     | Found a gate to the Vaults.
 26765 | D:14     | Found a gate leading to a gauntlet.
 26784 | Gauntlet | Entered a Gauntlet
 26784 | Gauntlet | Found a transporter.
 26833 | Gauntlet | Found a transporter.
 26847 | Gauntlet | Found a transporter.
 26852 | Gauntlet | Found a transporter.
 26872 | Gauntlet | Found a transporter.
 26886 | Gauntlet | Found a transporter.
 26898 | Gauntlet | Found a transporter.
 26910 | Gauntlet | Found a transporter.
 26922 | Gauntlet | Found a transporter.
 26937 | Gauntlet | Found a large runed translucent door.
 26938 | Gauntlet | Found a large runed translucent door.
 26939 | Gauntlet | Found a large runed translucent door.
 26939 | Gauntlet | Found a large runed translucent door.
 26940 | Gauntlet | Found a runed translucent gate.
 26941 | Gauntlet | Found a transporter.
 26941 | Gauntlet | Found a runed translucent gate.
 26942 | Gauntlet | Found a runed translucent gate.
 26943 | Gauntlet | Found a large runed translucent door.
 26943 | Gauntlet | Found a large runed translucent door.
 26944 | Gauntlet | Found a large runed translucent door.
 26945 | Gauntlet | Found a large runed translucent door.
 26954 | Gauntlet | Found a large runed translucent door.
 26954 | Gauntlet | Found a large runed translucent door.
 26954 | Gauntlet | Found a runed translucent door.
 26954 | Gauntlet | Found a runed translucent door.
 26955 | Gauntlet | Found a large runed translucent door.
 26956 | Gauntlet | Found a large runed translucent door.
 26958 | Gauntlet | Found a transporter.
 26965 | Gauntlet | Found a large runed translucent door.
 26965 | Gauntlet | Found a large runed translucent door.
 26966 | Gauntlet | Found a large runed translucent door.
 26967 | Gauntlet | Found a large runed translucent door.
 26975 | Gauntlet | Found a transporter.
 26977 | Gauntlet | Found a transporter.
 27005 | Gauntlet | Found a transporter.
 27005 | Gauntlet | Found a transporter.
 27025 | Gauntlet | Found a transporter.
 27103 | Gauntlet | Found a transporter.
 27227 | Gauntlet | Found a transporter.
 27235 | Gauntlet | Identified the +3 ring mail of Modesty {Int+2}
 27405 | Gauntlet | Identified the +0 helmet of the Fiddle {rF+ Int+3}
 27445 | Gauntlet | Identified the +5 ring mail of Courage {Rampage rN+++
                  | Regen+ Int-3}
 27455 | Gauntlet | Found the +8 storm bow {elec, penet}
 27712 | D:14     | Reached XP level 15. HP: 125/132 MP: 15/18
 27714 | D:14     | Reached skill level 1 in Staves
 28241 | D:14     | Found a portal to a secret trove of treasure.
 28267 | D:15     | Entered Level 15 of the Dungeon
 28331 | D:15     | HP: 3/132 [basilisk (5)]
 28331 | D:15     | Slain by an ettin

Illustrated notes

Levels and vault maps discovered:
D:1:      minmay_arrival_loop, layout_rooms, serial_shops,
          nicolae_shop_back_alley_shop, nicolae_shop_waterfront,
          nicolae_shop_waterfront, shop, nicolae_shop_window_shopping,
          minmay_misc_feat_columns, chequers_serial_rivers_micro_a
D:2:      layout_loops_ring, basic_altar, serial_shops, nicolae_shop_trees
D:3:      layout_loops_ring, nicolae_ru_sacrificial_ziggurat
D:4:      layout_loops_cross, nicolae_elyvilon_peaceful_grove,
          old_standard_altar, serial_shops, shop, gammafunk_ghost_arena,
          chequers_serial_rivers_micro_d, minmay_misc_feat_more_columns
D:5:      layout_loops_ring, trog_hazing_becter, kennysheep_mini_moat,
          fountainhead
D:6:      layout_cave_pools, mainiacjoe_overflow_swirl,
          mainiacjoe_overflow_alcove_4, marbit_many_paths
D:7:      layout_cave_pods, lemuel_doored_altar, lemuel_coloured_pillars_altar,
          minmay_temple_entry_enclosed_plants, enter_bailey_5, uniq_pikel
D:8:      layout_basic, david_lair_shrubbed, serial_rivers,
          chequers_serial_rivers_micro_a, chequers_serial_rivers_room_a,
          chequers_serial_rivers_small_a, chequers_serial_rivers_large_a,
          chequers_serial_rivers_micro_b, serial_bayou_ford_a, uniq_joseph,
          uniq_maggie
D:9:      layout_rooms, serial_rivers, chequers_serial_rivers_large_b,
          chequers_serial_rivers_room_b, chequers_serial_rivers_marsh,
          chequers_serial_rivers_micro_a, uniq_harold
D:10:     layout_roguey, mainiacjoe_overflow_chevrons,
          mainiacjoe_overflow_small_starburst
D:11:     layout_gridville, ebering_ghost_inner_flame, fountainhead,
          grunt_decor_one_mirror, minmay_misc_feat_roman
D:12:     layout_roguey, orc_0_dummy, serial_glass, glass_columns_b,
          glass_columns_a
D:13:     layout_stronghold, lightli_vaults_fourway_checkpoint,
          grunt_gozag_breadcrumbs
D:14:     layout_rooms, nicolae_trove_entry_diagonal, gauntlet_entry_generic,
          kennysheep_pointless_box, kennysheep_orc_sif_temple
D:15:     hangedman_depths_entry_civil_slaughter, layout_basic,
          gammafunk_ghost_berserking_beasts
Temple:   nicolae_temple_bog_church
Lair:1:   layout_gridlike, st_stairs_3, chequers_serial_rivers_micro_d,
          evilmike_ambush [evilmike_ambush_outer_pillars,
          evilmike_ambush_inner_wall_2], serial_bayou_shore_b
Lair:2:   layout_long_grid, nicolae_swamp_entry_spooky, serial_bayou_pond_b,
          bobbens_dragon_lair_wall
Lair:3:   layout_cave_pods, nicolae_spider_entry_orb_guardian,
          grunt_megastairs_4, infiniplex_staircase_pool
Lair:4:   nzn_motion_control, layout_regular_city
Lair:5:   due_jungle_book, layout_regular_city, slime_entry_1
Orc:1:    layout_caves, serial_shops, shop, shop, shop,
          minmay_shop_enchanted_jewellery
Orc:2:    st_orc_rangers, layout_caves, serial_shops,
          nicolae_shop_back_alley_shop, shop_statue, shop

Skill      XL: |  1  2  3  4  5  6  7  8  9 10 11 12 13 14 15 |
---------------+----------------------------------------------+-----
Shields        | 3 |  3.0
Armour         | 3 9 |  9.0
Fighting       | 3 6 8 9 10 12 | 12.0
Maces & Flails | 2 3 5 6 9 10 12 13 15 | 15.4
Dodging        | 1 2 3 6 8 9 |  9.0
Throwing       | 2 7 9 |  9.0
Evocations     | 7 9 |  9.0
Staves         | 3 |  3.3

Action                     |  1- 3 |  4- 6 |  7- 9 | 10-12 | 13-15 || total
---------------------------+-------+-------+-------+-------+-------++-------
  Melee: Flail             |   110 |   136 |   196 |       |       ||   442
         Whip              |       |       |   259 |     1 |       ||   260
         Dire flail        |       |       |       |   668 |   936 ||  1604
         Great mace        |       |       |       |       |    73 ||    73
         Lajatang          |       |       |       |       |    89 ||    89
  Throw: Javelin           |       |       |    10 |     8 |    29 ||    47
         Throwing net      |       |       |     1 |       |       ||     1
         Dart              |       |       |       |     2 |     4 ||     6
         Boomerang         |       |       |       |       |     3 ||     3
  Evoke: Wand              |       |       |     9 |     6 |     1 ||    16
         Lightning rod     |       |       |       |       |    11 ||    11
         Box of beasts     |       |       |       |       |     1 ||     1
    Use: Scroll            |    11 |     5 |     9 |     7 |    11 ||    43
         Potion            |       |     1 |     4 |     8 |     2 ||    15
   Stab: Invisible         |       |       |       |     3 |     1 ||     4
         Sleeping          |       |       |       |     1 |       ||     1
         Petrifying        |       |       |       |     1 |       ||     1
         Distracted        |       |       |       |       |     4 ||     4
 Armour: Scale mail        |     8 |       |       |       |       ||     8
         Ring mail         |    48 |    87 |   137 |       |   554 ||   826
         Steam dragon scal |       |       |    19 |   295 |     4 ||   318
         Plate armour      |       |       |       |       |    23 ||    23
  Dodge: Dodged            |    53 |    71 |   226 |   530 |   858 ||  1738
  Block: Buckler           |    20 |    33 |   106 |       |       ||   159
